 Dungeon Crawl Stone Soup version 0.27.0-1-g7a089689b8 (webtiles) character file.

Game seed: 8824110632538344268

207 wakim the Chopper (level 5, -4/47 HPs)
             Began as a Hill Orc Monk on Aug 7, 2021.
             Was a Plaything of Xom.
             Slain by Robin (9 damage)
             ... on level 4 of the Dungeon.
             The game lasted 00:09:21 (3910 turns).

wakim the Chopper (Hill Orc Monk)                   Turns: 3910, Time: 00:09:22

Health: -4/47      AC: 16    Str: 15    XL:     5   Next: 85%
Magic:  5/5        EV:  0    Int: 10    God:    Xom [..*...]
Gold:   126        SH:  0    Dex: 13    Spells: 4/4 levels left

rFire    . . .     SeeInvis .   b - +1 whip (elec)
rCold    . . .     Faith    .   (no shield)
rNeg     . . .     Spirit   .   g - +0 crystal plate armour
rPois    .         Reflect  .   (no helmet)
rElec    .         Harm     .   (no cloak)
rCorr    .         Rampage  .   (no gloves)
Will     .....                  (no boots)
Stlth    ..........             (no amulet)
HPRegen  0.15/turn              k - ring of flight
MPRegen  0.09/turn              (no ring)

@: flying
A: no striking features
a: Renounce Religion


You were on level 4 of the Dungeon.
You worshipped Xom.
You were a toy of Xom.
You visited 1 branch of the dungeon, and saw 4 of its levels.

You collected 126 gold pieces.

Inventory:

Hand Weapons
 a - a +0 hand axe
 b - a +1 whip of electrocution (weapon)
Armour
 g - a +0 crystal plate armour (worn)
Jewellery
 k - a ring of flight (left hand)
Scrolls
 d - a scroll of vulnerability {unknown}
 h - a scroll of teleportation {unknown}
 j - a scroll of fear {unknown}
 m - a scroll of identify {unknown}
Potions
 c - 4 potions of curing {unknown}
 e - 2 potions of attraction {unknown}
 f - a potion of flight {unknown}
 i - a potion of brilliance {unknown}
 l - a potion of might {unknown}


   Skills:
 + Level 4.8 Fighting
 - Level 4.8(5.1) Axes
 + Level 2.1(3.3) Maces & Flails
 * Level 3.9 Armour
 - Level 2.4 Dodging
 - Level 1.5 Stealth


You had 4 spell levels left.
You didn't know any spells.
Your spell library contained the following spells:

 Spells                   Type           Power      Damage    Failure   Level
 Magic Dart               Conj           0%         1d3       100%        1
 Corpse Rot               Necr/Air       N/A        N/A       100%        2
 Searing Ray              Conj           0%         3d3       100%        2
 Dispel Undead            Necr           0%         3d6       100%        4
 Fulminant Prism          Conj/Hex       0%         3d6       100%        4
 Death Channel            Necr           0%         N/A       100%        6


Dungeon Overview and Level Annotations

Branches:
Dungeon (4/15)
 Temple: D:4-7

Altars:
Xom

Annotations:
D:4 Robin


Message History

There is a stone staircase leading down here.
You fly downwards.
Level annotation: Robin Robin roars a battlecry!
The goblins go into a battle-frenzy!
The goblin shoots a stone.
The stone hits you but does no damage.
The hobgoblin hits you but does no damage. x3
There is a stone staircase leading up, spattered with blood here.
The goblin hits you but does no damage. The hobgoblin hits you.
* * * LOW HITPOINT WARNING * * *
You fly upwards.
There is a stone staircase leading down here.
You hit the hobgoblin.
Lightning courses through the hobgoblin!
You kill the hobgoblin!
The goblin hits you with a +0 club.
* * * LOW HITPOINT WARNING * * *
You whack the hobgoblin!
You kill the hobgoblin!
The goblin hits you but does no damage.
You hit the goblin. Lightning courses through the goblin!
You kill the goblin!
You fly downwards.
Level annotation: Robin Robin points. "Kill!"
The goblin shoots a stone.
The stone hits you but does no damage.
There is a stone staircase leading up, spattered with blood here.
Things that are here:
a +0 dagger; a goblin corpse Robin points. "Kill!"
The goblin unwields a +0 hunting sling.
The goblin wields a +0 dagger.
The goblin hits you but does no damage.
You hit the goblin.
You kill the goblin!
You hit Robin but do no damage. Lightning courses through Robin!
Robin is severely wounded.
Robin hits you with a +1 whip of electrocution!
* * * LOW HITPOINT WARNING * * *
You are electrocuted!
You die...

###########
......)@)<#
.......g))#
#..##.....#
# #.....#
.......#
........#
.........#
.........#


You could see Robin.

Vanquished Creatures
  Purgy (D:3)
  3 adders
  A worm (D:2)
  A dart slug (D:1)
  4 orcs (D:3)
  5 ball pythons
  4 bats
  5 endoplasms
  A giant cockroach (D:2)
  16 goblins
  8 hobgoblins
  6 jackals
  A kobold (D:2)
  A quokka (D:3)
  A frilled lizard (D:1)
  8 rats
66 creatures vanquished.

Notes
Turn   | Place    | Note
-------+----------+-------------------------------------------
     0 | D:1      | wakim the Hill Orc Monk began the quest for the Orb.
     0 | D:1      | Reached XP level 1. HP: 19/19 MP: 1/1
    34 | D:1      | You fall into a shaft and drop 1 floor!
   466 | D:1      | Reached skill level 1 in Armour
   466 | D:1      | Reached XP level 2. HP: 26/27 MP: 2/2
  1576 | D:2      | Reached XP level 3. HP: 32/33 MP: 3/3
  1898 | D:2      | Found a faded altar of an unknown god.
  1905 | D:2      | Became a worshipper of Xom of Chaos
  2257 | D:2      | XOM: silly message
  2284 | D:2      | XOM: silly message
  2648 | D:3      | Reached XP level 4. HP: 28/40 MP: 4/4
  2891 | D:3      | Noticed Purgy
  2905 | D:3      | Killed Purgy
  2906 | D:3      | Reached skill level 1 in Maces & Flails
  2906 | D:3      | Reached XP level 5. HP: 39/47 MP: 5/5
  3071 | D:3      | XOM: chaos upgrade
  3327 | D:3      | XOM: silly message
  3860 | D:4      | Noticed Robin
  3861 | D:4      | XOM: noise
  3910 | D:4      | Slain by Robin

Illustrated notes

Levels and vault maps discovered:
D:1:      shiori_shiawase, layout_basic
D:2:      layout_loops_corners, shapermc_ecumenical_altar_totnotflames
D:3:      layout_basic, uniq_purgy
D:4:      layout_gridville, uniq_grinder, uniq_robin

Skill      XL: |  1  2  3  4  5 |
---------------+----------------+-----
Armour         | 1 2 3 |  3.9
Fighting       | 4 |  4.8
Maces & Flails | 1 2 |  2.1
Axes           | |  4.8
Dodging        | |  2.4
Stealth        | |  1.5

Action                   |  1- 3 |  4- 6 || total
-------------------------+-------+-------++-------
Melee: Hand axe          |    82 |     6 ||    88
       Whip              |    10 |   113 ||   123
 Stab: Sleeping          |     2 |       ||     2
Armor: Robe              |     3 |       ||     3
       Crystal plate arm |    52 |   157 ||   209
Dodge: Dodged            |    17 |     2 ||    19
